Unix NetHack Version 5.0.0-0 post-release - last build May 23 2026 06:08:33 (1c0ff79ee797540d5714e4e18072db0edd9e58ae,branch:main).

Game began 2026-05-23 12:26:00, ended 2026-05-23 16:21:16.

Jobair, neutral female human Tourist

                      -----
                      |...|
                      |...|
                      |...|
                      |...|     #######
    -------------0    |...|     #-.-----------
    |........<...#[#[#|....###  #.C.........C|
    |...........|# )##-..--   # #|.....C.....|##############%#####
    |............#   )######  0 #|...-----...|#             -----.-
    -------------      ## #### ##|...|.{.|...|#     ########-.....|
                       ### # ####|..C.{.{|C..|######)       |..)..|
                        ####  ###....|.{.|...-#          ###-.>...|
                        # ## ####|...--......|#          #  |.....|
                      --.--###  #|.....C.....|#          #  -------
                      |...-######-C.........C|#      #####
                      |...| ### #-------------#      #
                      |....## ################fa@#####
                      -----

Jobair the Excursionist     St:11 Dx:12 Co:17 In:14 Wi:11 Ch:17  Neutral
Dlvl:9  $:5146 HP:0(47) Pw:42(42) AC:-6 Xp:9 T:12004 

Latest messages:
 Your movements are now unencumbered.
 You must have been exercising diligently.
 What do you want to use or apply?
 You produce a strange whistling sound.
 Your housecat appears.
 You climb up the stairs.
 What do you want to eat?
 This food really hits the spot!
 You finish eating the food ration.
 Where do you want to travel to?
 (For instructions type a '?')
 The soldier ant misses!
 The soldier ant misses!
 The soldier ant just misses!
 The soldier ant misses!
 You hit the soldier ant!
 The soldier ant bites!
 The soldier ant stings!
 You swap places with your housecat.
 The housecat bites the soldier ant.
 The soldier ant misses the housecat.
 The soldier ant misses the housecat.
 In what direction? 4
 The dagger hits the soldier ant.
 The soldier ant misses!
 The soldier ant just misses!
 You swap places with your housecat.
 The housecat misses the soldier ant.
 The housecat bites it.
 It bites the housecat.
 It misses the housecat.
 The housecat bites the soldier ant.
 The soldier ant misses the housecat.
 The soldier ant misses the housecat.
 The housecat misses it.
 The housecat misses the soldier ant.
 The soldier ant misses!
 The soldier ant stings!
 The housecat picks up a dagger.
 The housecat misses the soldier ant.
 The housecat misses it.
 The soldier ant misses!
 The soldier ant stings!
 The soldier ant's sting was poisoned!
 You die...
 Do you want your possessions identified? [ynq] (y) y
 Do you want to see your attributes? [ynq] (y) y
 Do you want an account of creatures vanquished? [ynaq] (y) y
 Do you want to see your conduct and achievements? [ynq] (y) y
 Do you want to see the dungeon overview? [ynq] (y) y

Inventory:
 Coins    ('$')
  $ - 5146 gold pieces
 Weapons  (')')
  a - a blessed +2 dart
  y - a blessed +0 dart
  f - 2 +0 darts
  s - 2 +0 daggers (at the ready)
  P - a blessed +1 elven dagger (weapon in right hand)
  S - 9 +0 orcish daggers
 Armor    ('[')
  Y - an uncursed +4 orcish helm (being worn)
  u - an uncursed +0 pair of iron shoes (being worn)
  c - an uncursed +0 elven shield (being worn)
  R - an uncursed +1 dwarvish cloak (being worn)
  Q - an uncursed +0 dwarvish mithril-coat (being worn)
 Comestibles  ('%')
  d - 2 uncursed food rations
  e - 3 uncursed tripe rations
  q - an uncursed egg
  b - an uncursed lizard corpse
  E - an uncursed lizard corpse
 Scrolls  ('?')
  h - 2 uncursed scrolls of magic mapping
  V - an uncursed scroll of teleportation
 Potions  ('!')
  g - 2 uncursed potions of extra healing
 Wands    ('/')
  J - a wand of magic missile (0:1)
  i - a cursed wand of sleep (0:0)
  T - a wand of striking (0:2)
  A - a wand of teleportation (0:6)
 Tools    ('(')
  l - an uncursed credit card
  v - an expensive camera (0:26)
  o - an uncursed lock pick
  C - an uncursed magic lamp (lit)
  w - an uncursed magic whistle
  k - an uncursed skeleton key
  X - an uncursed towel
  p - a +0 unicorn horn

Jobair the Tourist's attributes:

Background:
 You were an Excursionist, a level 9 female human Tourist.
 You were neutral, on a mission for The Lady
 who was opposed by Blind Io (lawful) and Offler (chaotic).
 You were right-handed.
 You were in the Dungeons of Doom, on level 9.
 You entered the dungeon 12004 turns ago.
 You had 3418 experience points, 1702 more were needed to attain level 10.

Basics:
 You had 0 out of 47 hit points.
 You had all 42 energy points (spell power).
 Your armor class was -6.
 Your wallet contained 5146 zorkmids.
 Autopickup was off.

Final Characteristics:
 Your strength was 11 (limit:18/100).
 Your dexterity was 12 (limit:18).
 Your constitution was 17 (limit:18).
 Your intelligence was 14 (limit:18).
 Your wisdom was 11 (limit:18).
 Your charisma was 17 (limit:18).

Final Status:
 You weren't hungry.
 You were unencumbered.
 You were wielding a dagger.
 You were skilled in dagger and could have enhanced that.

Final Attributes:
 You were piously aligned.
 Your items were somewhat protected from fire.
 Your items were somewhat protected from cold.
 You were telepathic.
 You were guarded.
 You are dead.

Miscellaneous:
 You encountered 2 bones levels.
 Total elapsed playing time was 3 hours, 1 minute and 2 seconds.

Major events:
 Turn
    1: Jobair the neutral female human Tourist entered the dungeon
  694: attained the rank of Sightseer (level 3)
 1223: entered the Gnomish Mines
 3451: attained the rank of Excursionist (level 6)
 5399: found Magicbane on the floor
 7180: reached Mine Town
11791: entered Sokoban
12004: killed by a soldier ant

You didn't know any spells.

Skills:
 Fighting Skills
   bare handed combat [Unskilled]
   two weapon combat  [Unskilled]
   riding             [Unskilled]
 Weapon Skills
   dagger             [Skilled]
   knife              [Unskilled]
   axe                [Unskilled]
   pick-axe           [Unskilled]
   short sword        [Unskilled]
   broadsword         [Unskilled]
   long sword         [Unskilled]
   two-handed sword   [Unskilled]
   saber              [Unskilled]
   mace               [Unskilled]
   morning star       [Unskilled]
   flail              [Unskilled]
   hammer             [Unskilled]
   quarterstaff       [Unskilled]
   polearms           [Unskilled]
   spear              [Unskilled]
   trident            [Unskilled]
   lance              [Unskilled]
   bow                [Unskilled]
   sling              [Unskilled]
   crossbow           [Unskilled]
   dart               [Skilled]
   shuriken           [Unskilled]
   boomerang          [Unskilled]
   whip               [Unskilled]
   unicorn horn       [Unskilled]
 Spellcasting Skills
   divination spells  [Unskilled]
   enchantment spells [Unskilled]
   escape spells      [Unskilled]

Voluntary challenges:
 Character rerolling was not enabled.
 You never genocided any monsters.
 You never polymorphed an object.
 You never changed form.
 You used no wishes.
 You did not violate any of the special Sokoban rules.
Achievements:
 You attained the rank of Sightseer.
 You entered a shop.
 You entered the Gnomish Mines.
 You attained the rank of Excursionist.
 You entered Minetown.
 You entered a temple.
 You entered Sokoban.

 The Dungeons of Doom: levels 1 to 10
    Level 1:
       Some fountains, a sink.
    Level 2:
    Level 3:
       A general store, a sink.
       Stairs down to The Gnomish Mines.
    Level 4:
       A ring shop.
    Level 5:
       A fountain, a grave.
    Level 6:
       A general store, a fountain, a grave.
    Level 7:
       An armor shop, some fountains.
    Level 8:
       A general store.
       Final resting place for
          darcy19john-Tou-Hum-Mal-Neu, killed by a tengu.
    Level 9: <- You were here.
       Many fountains.
       Final resting place for
          you, killed by a soldier ant.
    Level 10:
       A throne.
       Stairs up to Sokoban, level 9.
 The Gnomish Mines: levels 4 to 6
    Level 4:
    Level 5:
       A grave.
       Final resting place for
          rzepol-Wiz-Hum-Mal-Neu, killed by an orcish arrow.
    Level 6:
       Many shops, a temple and an altar, some fountains.
 Sokoban:
    Level 9:
       Unsolved.


Vanquished creatures:
  2 ghosts
  2 large mimics
  4 small mimics
  a large dog
  a large cat
  2 tigers
  2 tengu
  3 watchmen
  a giant beetle
  a cockatrice
  a spotted jelly
  a leprechaun
  a scorpion
 an ice vortex
  a black light
  a vampire bat
  2 dwarf mummies
 an owlbear
  5 lizards
  a dingo
  a jaguar
  2 dwarf leaders
  a blue jelly
  a black unicorn
  4 dust vortices
  2 ravens
  3 plains centaurs
  2 snakes
  2 apes
  3 human zombies
  2 rope golems
  4 Woodland-elves
  a soldier ant
  3 bugbears
 an imp
  a wood nymph
 10 Uruk-hai
 an orc shaman
  2 rock piercers
  2 rock moles
  a pony
  2 fog clouds
  3 yellow lights
  4 violet fungi
  5 gnome leaders
  4 gnomish wizards
  2 gray oozes
  2 elf zombies
  a ghoul
  2 straw golems
  5 paper golems
  a baby crocodile
  a giant ant
  6 floating eyes
  a kitten
  6 dwarves
  2 homunculi
  2 kobold leaders
  2 kobold shamans
 19 hill orcs
  7 rothes
  a rabid rat
  3 giant bats
  3 orc zombies
  2 wererats
  2 werejackals
  6 iguanas
  3 acid blobs
  5 hobbits
  2 manes
  2 large kobolds
 10 hobgoblins
 10 giant rats
  a brown mold
  a yellow mold
 15 gnomes
  a gnome zombie
  2 geckos
  9 jackals
  2 foxes
  7 kobolds
  4 goblins
  2 sewer rats
  9 grid bugs
  2 bats
  9 lichens
  8 newts
281 creatures vanquished.

No species were genocided or became extinct.

Game over:
                       ----------
                      /          \
                     /    REST    \
                    /      IN      \
                   /     PEACE      \
                  /                  \
                  |      Jobair      |
                  |     5146 Au      |
                  |   killed by a    |
                  |   soldier ant    |
                  |                  |
                  |                  |
                  |       2026       |
                 *|     *  *  *      | *
        _________)/\\_//(\/(/\)/\//\/|_)_______

Aloha Jobair the Tourist...

You died in The Dungeons of Doom on dungeon level 9 with 18166 points,
and 5146 pieces of gold, after 12004 moves.
You were level 9 with a maximum of 47 hit points when you died.

